 Dungeon Crawl Stone Soup version 0.19.0-11-g3fc08b3 (webtiles) character file.

121 inmateoo the Insei (level 4, -2/35 HPs)
             Began as a Demonspawn Monk on Nov 8, 2016.
             Slain by inmateoo's ghost (9 damage)
             ... in a sewer.
             The game lasted 00:02:40 (1983 turns).

inmateoo the Insei (Demonspawn Monk)                Turns: 1983, Time: 00:02:41

Health: -2/35      AC:  4    Str: 12    XL:     4   Next: 77%
Magic:  4/4        EV: 13    Int: 16    God:
Gold:   130        SH:  0    Dex: 16    Spells: 0 memorised, 3 levels left

rFire  . . .     SeeInvis .     f - +1 dagger (venom)
rCold  . . .     Gourm    .     a - +0 robe
rNeg   . . .     Faith    .     (no shield)
rPois  .         Spirit   .     (no helmet)
rElec  .         Reflect  .     (no cloak)
rCorr  .         Harm     .     n - +1 pair of gloves
MR     .....                    (no boots)
Stlth  +.........               (no amulet)
                                (no ring)
                                (no ring)

@: brilliant
A: spiny 2
a: no special abilities


You were in a sewer.
You were hungry.

You visited 1 branch of the dungeon, and saw 3 of its levels.
You also visited: Sewer.

You collected 130 gold pieces.

Inventory:

Hand Weapons
 f - a +1 dagger of venom (weapon)
Armour
 a - a +0 robe (worn)
 n - a +1 pair of gloves (worn)
Jewellery
 i - a +3 amulet of reflection {unknown}
Scrolls
 d - a scroll of enchant weapon {unknown}
 e - 2 scrolls of identify {unknown}
 k - a scroll of recharging {unknown}
Potions
 h - a potion of cancellation {unknown}
 j - a potion of berserk rage {unknown}
 l - 2 potions of agility {unknown}
 m - a potion of magic {unknown}
Comestibles
 b - 2 bread rations
 c - 2 meat rations


   Skills:
 - Level 3.0 Fighting
 - Level 2.6 Dodging
 - Level 1.7 Stealth
 + Level 5.0 Unarmed Combat


You had 3 spell levels left.
You didn't know any spells.

Dungeon Overview and Level Annotations

Branches:
Dungeon (3/15)

Altars:
Nemelex Xobeh

Annotations:
Sewer inmateoo's ghost, amateur DsGl


Innate Abilities, Weirdness & Mutations

You are mostly covered in sharp spines.


Message History

Inmateoo's ghost turns its malevolent gaze towards you.
Inmateoo's ghost is struck by your spines.
Inmateoo's ghost closely misses you. Inmateoo's ghost hits you.
Unknown command.
Inmateoo's ghost hits you.
Inmateoo's ghost is struck by your spines.
Inmateoo's ghost hits you.
Inmateoo's ghost shrieks, "They lied to you.
The Dungeon just goes down and down forever."
Inmateoo's ghost hits you!
Okay, then.
Okay, then.
Inmateoo's ghost hits you.
Inmateoo's ghost mumbles, "They all look like pillowcases to me..."
Inmateoo's ghost is struck by your spines.
Inmateoo's ghost hits you!
* * * LOW HITPOINT WARNING * * *
It was a potion of brilliance.
You feel clever all of a sudden. Inmateoo's ghost hits you!
You die...

. .≈ .≈≈ .≈≈≈ .≈≈≈.
≈≈≈≈≈≈#########################
≈≈≈≈≈≈≈≈≈≈≈≈≈W@≈≈≈≈≈≈≈≈≈≈.....†
.≈≈≈..#########################
.≈≈≈≈ ≈≈≈≈ ≈≈≈ ≈≈ ≈


You could see inmateoo's ghost.

Vanquished Creatures
  4 adders (D:2)
  A river rat (Sewer)
  A worm (D:2)
  A dart slug (D:1)
  2 leopard geckos
  4 giant cockroaches
  5 goblins
  9 hobgoblins
  9 jackals
  4 ball pythons
  6 bats
  5 frilled lizards
  6 kobolds
  10 rats
67 creatures vanquished.

Notes
Turn   | Place    | Note
-------+----------+-------------------------------------------
     0 | D:1      | inmateoo the Demonspawn Monk began the quest for the Orb.
     0 | D:1      | Reached XP level 1. HP: 18/18 MP: 1/1
    73 | D:1      | Reached skill level 3 in Unarmed Combat
   175 | D:1      | Gained mutation: You are partially covered in sharp spines. [demonic ancestry]
   175 | D:1      | Reached XP level 2. HP: 20/24 MP: 2/2
   845 | D:1      | Reached XP level 3. HP: 29/29 MP: 3/3
  1115 | D:1      | Reached skill level 4 in Unarmed Combat
  1261 | D:2      | Found a sparkling altar of Nemelex Xobeh.
  1375 | D:2      | Gained mutation: You are mostly covered in sharp spines. [demonic ancestry]
  1375 | D:2      | Reached XP level 4. HP: 35/35 MP: 4/4
  1911 | D:3      | Found a glowing drain.
  1932 | Sewer    | Entered a sewer
  1941 | Sewer    | Reached skill level 5 in Unarmed Combat
  1973 | Sewer    | Noticed inmateoo's ghost (amateur DsGl)
  1983 | Sewer    | Slain by inmateoo's ghost

Skill      XL: |  1  2  3  4 |
---------------+-------------+-----
Unarmed Combat | 3 4 5 |  5.0
Fighting       | |  3.0
Dodging        | |  2.6
Stealth        | |  1.7

Action                   |  1- 3 |  4- 6 || total
-------------------------+-------+-------++-------
Melee: Unarmed           |    84 |       ||    84
       Punch             |     1 |       ||     1
       Dagger            |    11 |    51 ||    62
  Use: Potion            |       |     1 ||     1
 Stab: Sleeping          |     2 |     4 ||     6
  Eat: Chunk             |     1 |     2 ||     3
Armor: Robe              |    18 |     5 ||    23
Dodge: Dodged            |    61 |    25 ||    86
